 Dungeon Crawl Stone Soup version 0.25.1-2-g60ff931df9 (webtiles) character file.

Game seed: 5056476904967331003

137 Lavandula the Shooter (level 5, -5/40 HPs)
             Began as a Centaur Arcane Marksman on Sept 25, 2020.
             Killed from afar by Sigmund (8 damage)
             ... with a magic dart
             ... on level 2 of the Dungeon.
             The game lasted 00:03:49 (1418 turns).

Lavandula the Shooter (Centaur Arcane Marksman)     Turns: 1418, Time: 00:03:49

Health: -5/40      AC:  4    Str: 13    XL:     5   Next: 0%
Magic:  6/6        EV:  9    Int: 13    God:
Gold:   44         SH:  0    Dex:  9    Spells: 2/6 levels left

rFire    . . .     SeeInvis .   a - +0 shortbow
rCold    . . .     Gourm    .   (shield currently unavailable)
rNeg     . . .     Faith    .   e - +0 robe
rPois    .         Spirit   .   (no helmet)
rElec    .         Reflect  .   (no cloak)
rCorr    .         Harm     .   (no gloves)
MR       .....                  (no barding)
Stlth    +.........             (no amulet)
HPRegen  0.13/turn              (no ring)
MPRegen  0.10/turn              (no ring)

@: mighty, stab, flying, very quick
A: large, hooves 3, deformed body, speed 2, tough skin 3
a: no special abilities


You were on level 2 of the Dungeon.
You were not hungry.

You visited 1 branch of the dungeon, and saw 2 of its levels.

You collected 44 gold pieces.

Inventory:

Hand Weapons
 a - a +0 shortbow (weapon)
Missiles
 d - 7 arrows (quivered)
Armour
 e - a +0 robe (worn)
Scrolls
 b - a scroll of enchant armour {unknown}
 c - a scroll of identify {unknown}
 g - 2 scrolls of remove curse
 i - a scroll of teleportation {unknown}
 j - a scroll of immolation {unknown}
 k - a scroll of fog {unknown}
Comestibles
 f - 3 rations
 m - 7 chunks of flesh


   Skills:
 - Level 1.0 Fighting
 + Level 6.9 Bows
 - Level 1.3 Dodging
 - Level 1.0 Spellcasting
 - Level 2.6 Hexes


You had 2 spell levels left.
You knew the following spells:

 Your Spells              Type           Power        Failure   Level  Hunger
a - Corona                Hex            #......      10%         1    ##.....
b - Inner Flame           Hex/Fire       #.......     43%         3    ####...

Your spell library contained the following spells:

 Spells                   Type           Power        Failure   Level  Hunger
 Slow                     Hex            #.......     14%         2    ###....
 Portal Projectile        Hex/Tloc       #.....       43%         3    ####...
 Cause Fear               Hex            #.........   67%         4    #####..
 Leda's Liquefaction      Hex/Erth       #.........   85%         4    #####..


Dungeon Overview and Level Annotations

Branches:
Dungeon (2/15)

Altars:
Wu Jian

Annotations:
D:2 Sigmund


Innate Abilities, Weirdness & Mutations

You have hooves in place of feet.
Armour fits poorly on your strangely shaped body.
You cover ground very quickly.
You have extremely tough skin. (AC +3)


Message History

The magic dart hits you.
* * * LOW HITPOINT WARNING * * *
You aren't carrying any items that you can evoke.
Unknown command.
Okay, then.
It was a potion of stabbing.
You feel ready to backstab.
It was a potion of flight.
You feel very buoyant.
You fly up into the air.
It was a potion of might.
You feel very mighty all of a sudden.
Sigmund is too close now for your liking.
Firing (i - inventory)
d - 8 arrows (quivered)
Press: ? - help, Shift-Dir - straight line, f - Sigmund
Aim: Sigmund, wielding a +0 scythe and wearing a +0 robe (almost dead)
You shoot an arrow. The arrow barely misses Sigmund.
Sigmund points at you and mumbles some strange words.
The magic dart hits you!
You die...

##### #.(.# ≈≈≈≈ #♣♣(♣..##
≈≈≈≈≈ ♣.♣.♣♣.(>. ......≈≈≈..
♣♣.(♣♣♣♣♣.## ......≈≈≈._
♣.P.P..♣♣.### ...≈≈≈≈≈≈♣
♣...PP÷.♣.@.# ...≈≈≈≈≈≈
##.♣♣♣.....♣...# #≈.≈≈≈≈≈
#....PP..♣♣♣...# #..≈≈≈≈≈
#.♣♣P.P..♣♣....# #≈..≈..≈
♣♣PP♣.♣##.### #....≈.. ♣♣♣♣.#
#.# ###..... #..####...#
#@############..... .........##
#(..(...@....+.....
....###)######)###########.....


You could see Sigmund.

Vanquished Creatures
  Natasha (thrice) (D:2)
  4 adders (D:2)
  2 worms (D:2)
  A leopard gecko (D:2)
  3 hobgoblins (D:2)
  4 kobolds (D:2)
  3 quokkas (D:2)
  A bat (D:2)
  2 frilled lizards (D:2)
  2 goblins (D:2)
  4 rats
29 creatures vanquished.

Notes
Turn   | Place    | Note
-------+----------+-------------------------------------------
     0 | D:1      | Lavandula the Centaur Arcane Marksman began the quest for
                  | the Orb.
     0 | D:1      | Reached XP level 1. HP: 16/16 MP: 2/2
    58 | D:2      | Reached skill level 3 in Bows
    65 | D:2      | Reached skill level 4 in Bows
    65 | D:2      | Reached XP level 2. HP: 13/23 MP: 1/3
   218 | D:2      | Noticed Natasha
   225 | D:2      | Killed Natasha
   225 | D:2      | Reached skill level 5 in Bows
   225 | D:2      | Reached XP level 3. HP: 17/28 MP: 2/4
   247 | D:2      | Learned a level 3 spell: Inner Flame
   572 | D:2      | Noticed Natasha
   574 | D:2      | Killed Natasha
   574 | D:2      | Reached XP level 4. HP: 34/35 MP: 5/5
   613 | D:2      | Found an ornate altar of the Wu Jian Council.
   641 | D:2      | Reached skill level 6 in Bows
   820 | D:2      | Found a faded altar of an unknown god.
   844 | D:2      | Noticed Natasha
   860 | D:2      | Killed Natasha
  1300 | D:2      | Noticed Sigmund
  1405 | D:2      | Reached XP level 5. HP: 7/40 MP: 6/6
  1408 | D:2      | HP: 2/40 [Sigmund/magic dart (5)]
  1418 | D:2      | Killed from afar by Sigmund

Illustrated notes

Levels and vault maps discovered:
D:1:      minmay_arrival_jagged, layout_basic, serial_forest,
          infiniplex_forest_lined_2, infiniplex_forest_clump_tiny,
          infiniplex_forest_lined_3, infiniplex_forest_corner_1,
          infiniplex_forest_end_1, chequers_serial_rivers_large_a,
          minmay_tree_intersection, hex_tiny
D:2:      layout_basic, overflow_temple_1_default,
          chequers_ecumenical_altar_island, serial_forest,
          infiniplex_forest_clump_small, infiniplex_forest_straight_4,
          infiniplex_forest_3_way, infiniplex_forest_lined_3,
          infiniplex_forest_diagonal, infiniplex_forest_straight_5,
          infiniplex_forest_pool, minmay_octomino_j4, uniq_natasha,
          uniq_sigmund, uniq_crazy_yiuf_cottage, uniq_terence

Skill      XL: |  1  2  3  4 |
---------------+-------------+-----
Bows           | 4 5 6 |  6.9
Fighting       | |  1.0
Dodging        | |  1.3
Spellcasting   | |  1.0
Hexes          | |  2.6

Action                   |  1- 3 |  4- 6 || total
-------------------------+-------+-------++-------
 Fire: Shortbow          |    36 |    96 ||   132
 Cast: Corona            |     4 |     5 ||     9
  Use: Scroll            |       |     1 ||     1
       Potion            |       |     3 ||     3
  Eat: Chunk             |       |     1 ||     1
Armor: Robe              |    10 |     6 ||    16
Dodge: Dodged            |    17 |    18 ||    35
